 Dungeon Crawl Stone Soup version 0.21-a0-264-g3e31e41 (webtiles) character file.

900 Manul the Covert (level 7, -3/51 HPs)
             Began as a Vampire Assassin on Sept 9, 2017.
             Was an Initiate of Gozag.
             Slain by an ice beast (4 damage)
             ... on level 5 of the Dungeon.
             The game lasted 00:06:13 (7089 turns).

Manul the Covert (Vampire Assassin)                 Turns: 7089, Time: 00:06:14

Health: -3/51      AC:  6    Str: 10    XL:     7   Next: 79%
Magic:  7/7        EV: 11    Int: 13    God:    Gozag
Gold:   296        SH:  0    Dex: 18    Spells: 6/6 levels left

rFire    . . .     SeeInvis +   A - +1 short sword (drain)
rCold    + + .     Gourm    .   (no shield)
rNeg     + + +     Faith    .   i - +0 ring mail
rPois    ∞         Spirit   .   (no helmet)
rElec    .         Reflect  .   d - +0 cloak
rCorr    .         Harm     .   (no gloves)
MR       .....                  (no boots)
Stlth    +++++.....             r - amulet of magic regeneration
HPRegen  0.00/turn              s - ring of loudness (curse)
MPRegen  0.35/turn              (no ring)

@: bloodless, non-regenerating
A: fangs 3, see invisible, unbreathing
a: Bat Form, Potion Petition, Call Merchant, Bribe Branch, Renounce Religion


You were on level 5 of the Dungeon.
You worshipped Gozag.
Gozag was aware of your devotion.
You were bloodless.

You visited 1 branch of the dungeon, and saw 5 of its levels.

You collected 380 gold pieces.
You paid 84 gold pieces to Gozag.

Inventory:

Hand Weapons
 a - a +2 dagger
 b - a +0 blowgun
 m - a +1 short sword of freezing
 o - a +3 dagger
 A - a +1 short sword of draining (weapon)
Missiles
 e - 39 poisoned needles
 f - 2 curare-tipped needles
Armour
 c - a +0 robe
 d - a +0 cloak (worn)
 i - a +0 ring mail (worn)
Jewellery
 r - an amulet of magic regeneration (around neck)
 s - a cursed ring of loudness (left hand)
 x - an uncursed ring of poison resistance {unknown}
 J - an uncursed ring of magical power {unknown}
Wands
 t - a wand of lightning (5/15)
 I - a wand of confusion (30/48)
Scrolls
 l - 6 scrolls of identify
 u - 4 scrolls of teleportation {unknown}
 y - a scroll of noise {unknown}
 z - 2 scrolls of remove curse {unknown}
 B - a scroll of fear
 D - 3 scrolls of random uselessness {unknown}
 H - a scroll of amnesia
Potions
 g - 22 potions of blood
 h - 2 potions of heal wounds {unknown}
 j - 2 potions of haste
 k - a potion of might
 n - 4 potions of flight {unknown}
 p - 2 potions of agility {unknown}
 q - 2 potions of curing {unknown}
 v - a potion of cancellation {unknown}
 w - a potion of magic {unknown}
 C - a potion of resistance {unknown}
 F - a potion of degeneration {unknown}
 G - a potion of invisibility {unknown}
Books
 E - a book of the Warp

   Spells                             Type                      Level
   a - Gell's Gravitas                Translocation                3
   b - Portal Projectile              Hexes/Translocation          3
   c - Force Lance                    Conjuration/Translocation    4
   d - Dispersal                      Translocation                6
   e - Controlled Blink               Translocation                8
   f - Disjunction                    Translocation                8


   Skills:
 + Level 2.9 Fighting
 + Level 5.5 Short Blades
 - Level 1.7 Throwing
 + Level 3.6 Armour
 + Level 2.3 Dodging
 + Level 9.4 Stealth


You had 6 spell levels left.
You didn't know any spells.

Dungeon Overview and Level Annotations

Branches:
Dungeon (5/15)             Temple (0/1) D:5

Altars:
Cheibriados
Dithmenos
Elyvilon
Gozag
Qazlal
Sif Muna
Wu Jian
Yredelemnul
The Shining One


Innate Abilities, Weirdness & Mutations

You do not heal naturally.
You are immune to poison.
You have razor-sharp teeth.
You have supernaturally acute eyesight. (SInv)
You can survive without breathing.


Message History

* * * LOW HITPOINT WARNING * * *
The ice beast hits you but does no damage.
The ice beast misses you.
The ice beast seems less drained.
The ice beast closely misses you. The ice beast hits you.
* * * LOW HITPOINT WARNING * * *
The ice beast freezes you. You resist.
* * * LOW HITPOINT WARNING * * *
The ice beast barely misses you.
The ice beast hits you but does no damage.
The ice beast hits you but does no damage.
The ice beast barely misses you.
The ice beast hits you but does no damage.
The ice beast hits you but does no damage.
The ice beast closely misses you. The ice beast hits you.
* * * LOW HITPOINT WARNING * * *
The ice beast freezes you. You resist.
You die...
Your body crumbles into a pile of gold.

### .. #.## ### #... ..# .
#..# #.# ....##..###.#
<.....Y@....# ###
....##..##..# #..
........##..#### #.#
#.####.##.....# #.####.#
#.....##.# #.##...##
#.######.# ##.##....###.##
#.# ###
#......_......#####.###
..###..###....##...)......#


You could see an ice beast.

Vanquished Creatures
  A sky beast (D:5)
  A necrophage (D:5)
  An ogre (D:5)
  The ghost of runt the Magician, an amateur DrWz of Okawaru (D:3)
  A centaur (D:5)
  A big kobold (D:4)
  A jelly (D:2)
  A bullfrog skeleton (D:5)
  2 hounds
  An orc priest (D:3)
  A centaur skeleton (D:4)
  An iguana (D:5)
  A worker ant (D:5)
  4 adders
  A shadow imp (D:5)
  3 oozes
  A worm (D:2)
  4 dart slugs
  6 leopard geckos
  10 orcs
  5 bats
  7 giant cockroaches
  8 goblins
  4 hobgoblins
  8 jackals
  27 kobolds
  4 quokkas
  A ball python (D:2)
  4 frilled lizards
  2 leopard gecko skeletons
  A quokka skeleton (D:5)
  4 rats
  A butterfly (D:5)
119 creatures vanquished.

Notes
Turn   | Place    | Note
-------+----------+-------------------------------------------
     0 | D:1      | Manul the Vampire Assassin began the quest for the Orb.
     0 | D:1      | Reached XP level 1. HP: 16/16 MP: 1/1
    13 | D:1      | Reached skill level 6 in Stealth
   395 | D:1      | Reached XP level 2. HP: 21/22 MP: 2/2
   799 | D:1      | Reached XP level 3. HP: 27/27 MP: 3/3
   841 | D:2      | Found a shadowy altar of Dithmenos.
  1247 | D:2      | Found a snail-covered altar of Cheibriados.
  2011 | D:2      | Reached XP level 4. HP: 30/33 MP: 4/4
  2067 | D:2      | Reached skill level 1 in Armour
  2067 | D:2      | Reached skill level 7 in Stealth
  2356 | D:3      | Reached XP level 5. HP: 17/38 MP: 5/5
  2439 | D:3      | Noticed runt's ghost (amateur DrWz)
  3964 | D:3      | Found a white marble altar of Elyvilon.
  4022 | D:3      | Killed runt's ghost
  4022 | D:3      | Reached skill level 8 in Stealth
  4842 | D:3      | Found an ornate altar of the Wu Jian Council.
  4847 | D:3      | Found a stormy altar of Qazlal.
  5151 | D:4      | Reached XP level 6. HP: 41/46 MP: 6/6
  6304 | D:5      | Entered Level 5 of the Dungeon
  6449 | D:5      | Reached XP level 7. HP: 51/51 MP: 7/7
  6453 | D:5      | Reached skill level 5 in Short Blades
  6462 | D:5      | Found a glowing golden altar of the Shining One.
  6472 | D:5      | Found an opulent altar of Gozag.
  6473 | D:5      | Found a basalt altar of Yredelemnul.
  6580 | D:5      | Became a worshipper of Gozag Ym Sagoz the Greedy
  6596 | D:5      | Found a staircase to the Ecumenical Temple.
  6766 | D:5      | Reached skill level 9 in Stealth
  6929 | D:5      | Found a deep blue altar of Sif Muna.
  7089 | D:5      | HP: 1/51 [ice beast (2)]
  7089 | D:5      | Slain by an ice beast

Vault maps used:
D:1:      mushboom_english_gardens, minmay_misc_feat_enclosed
D:2:      kennysheep_slug_shrine, nicolae_dithmenos_shadow_blocks, first_bread
D:3:      nicolae_overflow_hidden_temple, elyvilon_altar_3
D:4:      kennysheep_kobold_camp
D:5:      nicolae_overflow_crystal_walls, tso_metal_star,
          chequers_temple_overflow_statue_of_worship, doesnt_xom_only_xom,
          minmay_temple_entry_butterflies

Skill      XL: |  1  2  3  4  5  6  7 |
---------------+----------------------+-----
Stealth        | 6 7 8 9 |  9.4
Fighting       | 2 |  2.9
Short Blades   | 3 4 5 |  5.5
Armour         | 1 3 |  3.6
Dodging        | 2 |  2.3
Throwing       | |  1.7

Action                   |  1- 3 |  4- 6 |  7- 9 || total
-------------------------+-------+-------+-------++-------
Melee: Dagger            |    41 |       |       ||    41
       Bite              |     6 |    19 |     8 ||    33
       Short sword       |    64 |   194 |    70 ||   328
 Abil: End Transformatio |     1 |       |       ||     1
       Bat Form          |     1 |       |       ||     1
  Use: Potion            |       |     6 |       ||     6
       Scroll            |       |     5 |       ||     5
 Stab: Sleeping          |     8 |    16 |     9 ||    33
       Distracted        |     1 |     1 |     1 ||     3
Armor: Ring mail         |    35 |    75 |    30 ||   140
       Robe              |     2 |       |       ||     2
Dodge: Dodged            |    40 |    87 |    48 ||   175

Table legend:
 A = Spawn XP
 B = Non-spawn XP
 C = Spawn XP percentage of total XP
 D = Spawn monster count
 E = Non-spawn monster count
 F = Spawn count percentage of total count
 G = Total turns spent on level
                    A         B        C        D         E        F      G
               +---------+---------+-------+---------+---------+-------+---------
         Total |       0 |    1287 |   0.0 |       0 |     118 |   0.0 |  7089
               +---------+---------+-------+---------+---------+-------+---------
           D:1 |       0 |      46 |   0.0 |       0 |      22 |   0.0 |  1125
           D:2 |       0 |     110 |   0.0 |       0 |      22 |   0.0 |  2580
           D:3 |       0 |     197 |   0.0 |       0 |      19 |   0.0 |  1427
           D:4 |       0 |     231 |   0.0 |       0 |      33 |   0.0 |  1172
           D:5 |       0 |     703 |   0.0 |       0 |      22 |   0.0 |   785
               +---------+---------+-------+---------+---------+-------+---------
